Map: Dreamcatcher LE

Players

MaNa - Winner!

  • Race: Protoss Protoss
  • Spawn Location: 5:00

Serral

  • Race: Zerg Zerg
  • Spawn Location: 11:00

Event: WCS Austin 2018

VOD

Have the link to the VOD?

Description

Time

  • Played on: June 3, 2018, 7:21 p.m.
  • Length: 14:53

All games in this series

Show
View Real Time Build Order
Export as new Build Order

MaNa Protoss - Winner!

Build Orders: 1 Gate Expand, Oracle Opening, Phoenix Opening, Chargelot Immortal, Mass Phoenix 

Get SALT Encoding   

  12  0:00  Probe  
  13  0:12  Probe  
  14  0:17  Pylon  
  14  0:24  Probe  
  15  0:32  Probe  
  15  0:37  Assimilator  
  15  0:40  Probe  
  17  0:51  Probe  
  17  0:53  Gateway  
  18  0:59  Probe  
  19  1:07  Probe  
  20  1:17  Probe  
  21  1:29  Nexus  
  21  1:39  Cybernetics Core  
  21  1:42  Probe  
  22  1:50  Assimilator  
  22  1:54  Pylon  
  22  1:57  Probe  
  23  2:07  Adept  
  23  2:12  Probe  
  24  2:16  Stargate  
  26  2:24  Probe, Warp Gate  
  27  2:33  Adept  
  27  2:36  Probe  
  30  2:38  Probe  
  31  2:46  Probe  
  31  2:48  Probe  
  33  2:55  Probe  
  33  2:56  Phoenix  
  34  3:00  Probe  
  37  3:07  Probe  
  37  3:08  Pylon  
  37  3:12  Probe  
  39  3:17  Pylon  
  39  3:19  Oracle  
  40  3:20  Probe  
  40  3:24  Probe  
  44  3:29  Assimilator  
  44  3:32  Assimilator, Probe  
  45  3:36  Probe  
  46  3:44  Probe  
  47  3:48  Probe  
  47  3:50  Stargate  
  47  3:54  Probe  
  48  3:58  Phoenix  
  48  4:01  Probe  
  48  4:02  Probe  
  52  4:05  Gateway  
  55  4:10  Probe  
  55  4:13  Probe  
  55  4:22  Phoenix, Probe  
  55  4:23  Pylon  
  56  4:25  Probe  
  59  4:31  Phoenix  
  61  4:39  Pylon  
  61  4:40  Probe  
  61  4:41  Probe  
  61  4:42  Phoenix  
  61  4:44  Zealot  
  65  4:49  Phoenix  
  67  4:53  Pylon  
  69  5:01  Nexus  
  69  5:07  Phoenix, Probe  
  72  5:14  Phoenix  
  72  5:15  Shield Battery  
  74  5:32  Phoenix, Probe  
  73  5:38  Zealot  
  73  5:39  Zealot, Phoenix  
  73  5:40  Probe  
  80  5:44  Probe  
  80  5:48  Gateway x2  
  81  5:52  Probe  
  80  5:58  Probe  
  80  5:59  Phoenix  
  80  6:04  Probe  
  82  6:08  Phoenix  
  82  6:09  Forge  
  82  6:10  Twilight Council  
  84  6:12  Probe  
  84  6:18  Phoenix  
  83  6:23  Probe  
  83  6:25  Phoenix  
  84  6:27  Probe  
  83  6:34  Probe  
  83  6:35  Probe  
  83  6:37  Charge  
  83  6:39  Protoss Ground Weapons Level 1  
  85  6:41  Forge  
  85  6:42  Adept x2  
  89  6:52  Probe x2  
  89  6:53  Assimilator  
  91  6:55  Assimilator  
  91  7:03  Probe  
  91  7:07  Robotics Facility  
  92  7:09  Robotics Facility  
  92  7:10  Probe  
  91  7:18  Probe  
  91  7:21  Phoenix  
  91  7:22  Phoenix  
  94  7:28  Probe  
  95  7:31  Zealot x3  
  99  7:40  Pylon  
  99  7:42  Pylon  
  99  7:43  Robotics Facility  
  99  7:44  Zealot  
  98  7:45  Probe  
  99  7:51  Sentry  
  99  7:55  Pylon  
  99  7:57  Pylon  
  101  7:58  Immortal x2  
  101  8:01  Probe  
  110  8:12  Zealot x3  
  116  8:19  Nexus  
  116  8:20  Protoss Ground Weapons Level 2  
  116  8:26  Protoss Ground Armor Level 1  
  114  8:32  Immortal  
  114  8:33  Immortal  
  114  8:37  Immortal  
  126  8:41  Pylon  
  126  8:43  Assimilator  
  126  8:48  Zealot, Assimilator, Sentry x2  
  126  8:53  Pylon x2  
  126  8:55  Pylon  
  128  9:14  Zealot x4  
  128  9:16  Immortal, Warp Prism  
  142  9:20  Templar Archives  
  142  9:30  Gateway  
  142  9:33  Gateway  
  142  9:35  Gateway  
  142  9:37  Gateway  
  142  9:38  Photon Cannon  
  142  9:43  Zealot x2  
  83  9:45  Psionic Storm  
  146  9:53  Probe x3  
  146  9:58  High Templar x2  
  153  10:01  Protoss Ground Armor Level 2  
  153  10:05  Probe x3  
  154  10:11  Immortal  
  158  10:16  High Templar x2  
  158  10:17  Probe x3  
  165  10:24  Protoss Ground Weapons Level 3  
  165  10:29  Probe  
  165  10:32  High Templar x6  
  165  10:34  Pylon  
  176  10:37  Archon  
  176  10:38  Archon  
  174  10:51  Photon Cannon  
  174  10:52  High Templar x2  
  174  10:53  Photon Cannon  
  174  10:54  Photon Cannon  
  178  10:57  Shield Battery  
  176  11:05  High Templar  
  176  11:06  High Templar  
  176  11:09  Pylon  
  176  11:10  Pylon  
  176  11:11  Blink  
  176  11:27  Warp Prism  
  178  11:38  High Templar  
  178  11:39  High Templar x3  
  180  11:42  Archon  
  180  11:43  Archon  
  177  11:59  Zealot x4  
  185  12:07  Gateway  
  185  12:08  Gateway  
  185  12:10  Gateway  
  185  12:15  High Templar x4  
  181  12:22  Zealot x4  
  179  12:44  Archon  
  175  12:52  Stalker x5  
  175  12:53  Stalker x3  
  173  13:11  Stalker x6  
  182  13:14  Probe x2  
  184  13:20  Zealot x5  
  172  13:41  Stalker x4  
  172  13:42  Stalker x6  
  172  13:43  Stalker  
  154  14:04  Zealot x5  
  154  14:05  Zealot x4  
  154  14:06  Zealot x2  
  146  14:26  Stalker x10  
  146  14:27  Stalker  
  148  14:49  Archon  
Show
View Real Time Build Order
Export as new Build Order

Serral Zerg 

Build Orders: Hatch First, Brood Lord Corruptor 

Get SALT Encoding   

  12  0:00  Drone  
  13  0:12  Overlord  
  13  0:17  Drone  
  14  0:30  Drone  
  15  0:44  Hatchery  
  15  0:48  Drone  
  15  0:52  Drone  
  15  0:55  Drone  
  17  1:11  Spawning Pool  
  16  1:14  Drone  
  16  1:16  Extractor  
  16  1:21  Drone  
  16  1:23  Drone  
  18  1:31  Drone  
  19  1:42  Drone  
  20  1:52  Overlord  
  20  1:57  Queen x2  
  20  1:59  Zergling x2  
  25  2:03  Drone  
  25  2:06  Drone  
  27  2:15  Drone  
  28  2:16  Metabolic Boost  
  28  2:19  Drone  
  29  2:25  Drone  
  30  2:30  Drone  
  32  2:37  Drone  
  32  2:43  Hatchery  
  31  2:46  Overlord  
  31  2:52  Queen  
  31  2:55  Zergling x2  
  34  3:00  Drone  
  34  3:03  Drone  
  36  3:06  Drone x2  
  36  3:07  Overlord  
  36  3:10  Drone  
  36  3:12  Drone  
  40  3:13  Drone  
  40  3:17  Overlord  
  41  3:20  Drone  
  41  3:23  Drone x2  
  44  3:30  Queen  
  46  3:36  Overlord  
  46  3:37  Drone x2  
  48  3:41  Drone  
  48  3:42  Drone  
  48  3:45  Spore Crawler  
  48  3:47  Lair  
  49  3:56  Spore Crawler, Queen  
  49  3:57  Drone  
  49  3:59  Drone  
  49  4:02  Drone x2  
  54  4:04  Drone  
  54  4:07  Extractor  
  54  4:08  Extractor  
  54  4:09  Overlord  
  53  4:10  Drone  
  53  4:12  Drone  
  56  4:17  Drone  
  56  4:18  Overlord  
  56  4:19  Drone  
  56  4:20  Drone  
  56  4:24  Drone x2  
  60  4:27  Drone  
  60  4:31  Drone x3  
  64  4:34  Extractor  
  64  4:37  Drone x3  
  66  4:41  Drone x2  
  66  4:42  Overlord  
  68  4:45  Hydralisk Den  
  68  4:47  Overlord  
  67  4:57  Overlord  
  67  4:58  Zergling x8  
  71  5:04  Overlord  
  71  5:11  Spore Crawler, Drone  
  71  5:15  Hydralisk x5  
  71  5:18  Muscular Augments  
  79  5:25  Drone x4  
  79  5:28  Drone x2  
  82  5:33  Drone x2  
  82  5:35  Drone x2  
  85  5:38  Overlord  
  85  5:42  Overlord  
  83  5:45  Hydralisk x2  
  83  5:49  Hydralisk x2  
  86  5:57  Hydralisk x3  
  86  6:03  Overlord, Extractor  
  91  6:06  Drone x5  
  93  6:15  Overlord  
  93  6:16  Drone x2  
  85  6:21  Drone x2  
  81  6:33  Hydralisk x3  
  81  6:37  Extractor  
  86  6:45  Hydralisk x3  
  92  6:50  Hatchery  
  92  6:53  Baneling Nest  
  90  6:56  Grooved Spines  
  90  6:59  Hydralisk  
  88  7:02  Overlord  
  88  7:07  Drone x2  
  88  7:08  Drone  
  89  7:09  Hydralisk x2  
  91  7:16  Hydralisk x3  
  97  7:25  Overlord  
  91  7:30  Overlord  
  91  7:31  Drone x5  
  96  7:38  Centrifical Hooks  
  96  7:43  Evolution Chamber, Drone  
  96  7:45  Queen x3  
  96  7:49  Hydralisk x6  
  114  7:54  Zergling x8  
  118  8:08  Drone x5  
  118  8:11  Zerg Missile Weapons Level 1  
  122  8:13  Infestation Pit  
  122  8:17  Overlord  
  115  8:22  Spore Crawler  
  115  8:26  Hydralisk x8  
  108  8:29  Drone x3  
  123  8:37  Drone x3  
  123  8:38  Queen  
  128  8:41  Hydralisk  
  128  8:45  Hydralisk  
  132  8:50  Zergling x2  
  132  8:51  Zergling x4  
  132  8:52  Hive  
  134  8:56  Spire  
  134  9:01  Drone x2  
  135  9:03  Extractor  
  135  9:04  Overlord  
  135  9:05  Overlord, Drone x2  
  135  9:06  Drone  
  135  9:08  Zergling x2  
  135  9:09  Zergling x2  
  138  9:12  Hatchery  
  138  9:13  Zergling x2  
  138  9:14  Zergling x8  
  142  9:20  Drone x2  
  142  9:21  Zergling x2  
  142  9:22  Extractor  
  144  9:29  Overlord x5  
  144  9:37  Drone  
  144  9:38  Drone, Hydralisk x2  
  146  9:39  Spine Crawler, Zergling x6  
  146  9:40  Spine Crawler  
  151  9:45  Zergling x4  
  151  9:47  Baneling x2  
  151  9:48  Baneling x16  
  151  9:49  Baneling x2  
  151  9:53  Drone, Zergling x2  
  151  9:54  Zergling x6  
  151  9:58  Zergling x10  
  146  10:07  Hydralisk x4  
  146  10:08  Zergling x4  
  146  10:11  Baneling x3  
  146  10:12  Zergling x8  
  157  10:18  Zergling x10  
  162  10:21  Greater Spire  
  162  10:24  Zerg Missile Weapons Level 2  
  162  10:25  Hydralisk x3  
  167  10:29  Drone  
  168  10:36  Zergling x12  
  174  10:49  Corruptor x5  
  184  10:54  Overlord  
  183  10:59  Corruptor x2  
  186  11:08  Hatchery  
  186  11:10  Adrenal Glands  
  186  11:11  Evolution Chamber  
  178  11:34  Brood Lord x6  
  178  11:38  Brood Lord  
  189  11:43  Zerg Melee Weapons Level 1  
  189  11:51  Pathogen Glands  
  189  11:52  Drone x4  
  187  11:56  Drone x2  
  187  11:59  Zergling x22  
  197  12:10  Overseer  
  197  12:11  Overseer  
  197  12:13  Burrow  
  190  12:17  Extractor  
  190  12:22  Extractor  
  188  12:23  Spore Crawler  
  188  12:24  Spore Crawler x3  
  184  12:34  Spore Crawler  
  184  12:36  Spore Crawler  
  171  12:39  Corruptor  
  171  12:40  Spore Crawler, Corruptor x2  
  171  12:41  Infestor x4  
  171  12:44  Hatchery, Drone x3  
  181  12:45  Extractor  
  181  12:48  Extractor  
  181  12:49  Neural Parasite  
  181  12:51  Zergling x14  
  189  12:58  Drone  
  188  13:05  Spine Crawler  
  181  13:06  Spine Crawler  
  181  13:07  Spine Crawler  
  181  13:08  Zergling x14  
  174  13:13  Brood Lord  
  174  13:17  Brood Lord  
  178  13:20  Brood Lord  
  178  13:23  Drone x2  
  182  13:30  Drone x5  
  177  13:41  Zergling x18  
  172  13:52  Zergling x16  
  167  14:01  Drone x3  
  167  14:02  Hydralisk x2  
  162  14:11  Zergling x2  
  162  14:12  Zergling x14  
  153  14:22  Zergling x16  
Tags
 
Add a new tag
Caveats
  • Supply blocks, unpowered buildings, or Contaminate may cause inaccurate times.
  • Supply counts are checked every 10 seconds.